 Dungeon Crawl Stone Soup version 0.28.0 (webtiles) character file.

Game seed: 4205651235621104049

98 issech the Cudgeller (level 4, -2/44 HPs)
             Began as a Troll Monk on Feb 18, 2022.
             Slain by Sigmund (11 damage)
             ... on level 3 of the Dungeon.
             The game lasted 00:07:31 (2233 turns).

issech the Cudgeller (Troll Monk)                   Turns: 2233, Time: 00:07:31

Health: -2/44      AC:  4    Str: 19    XL:     4   Next: 44%
Magic:  3/3        EV: 10    Int:  6    God:
Gold:   49         SH:  0    Dex: 14    Spells: 3/3 levels left

rFire   . . .      SeeInvis .   a - +0 mace
rCold   . . .      Faith    .   (no shield)
rNeg    . . .      Spirit   .   b - +0 robe
rPois   .          Reflect  .   (helmet restricted)
rElec   .          Harm     .   (no cloak)
rCorr   .          Rampage  .   (gloves unavailable)
Will    .....                   (boots unavailable)
Stlth   ++........              (no amulet)
HPRegen 0.94/turn               (no ring)
MPRegen 0.08/turn               (no ring)

@: no status effects
A: large, unfitting armour, claws 3, regeneration 1, shaggy fur 1, tough skin 1
a: no special abilities


You were on level 3 of the Dungeon.
You visited 1 branch of the dungeon, and saw 3 of its levels.

You collected 49 gold pieces.

Inventory:

Hand Weapons
 a - a +0 mace (weapon)
 i - a +1 hand axe of flaming
 l - a +0 hunting sling
Missiles
 f - 21 stones (quivered)
 n - 23 sling bullets
 o - 24 arrows
Armour
 b - a +0 robe (worn)
Scrolls
 j - 2 scrolls of identify
 m - a scroll of teleportation
 p - a scroll of amnesia
Potions
 c - a potion of attraction {unknown}
 d - a potion of lignification {unknown}
 e - a potion of flight {unknown}
 g - a potion of resistance {unknown}
 h - a potion of curing {unknown}
 k - 2 potions of brilliance {unknown}


   Skills:
 + Level 2.9 Fighting
 + Level 3.4 Maces & Flails
 + Level 3.2 Dodging
 + Level 1.3 Stealth


You had 3 spell levels left.
You didn't know any spells.
Your spell library contained the following spells:

 Spells                   Type           Power      Damage    Failure   Level
 Foxfire                  Conj/Fire      0%         2x1d4     45%         1
 Conjure Flame            Conj/Fire      0%         6-21      83%         3
 Gell's Gravitas          Tloc           0%         N/A       83%         3
 Inner Flame              Hex/Fire       0%         N/A       83%         3
 Lesser Beckoning         Tloc           0%         N/A       83%         3
 Teleport Other           Tloc           0%         N/A       83%         3
 Flame Wave               Conj/Fire      0%         2d4       99%         4


Dungeon Overview and Level Annotations

Branches:
Dungeon (3/15)

Altars:
Kikubaaqudgha
Nemelex Xobeh

Annotations:
D:3 Grinder, Sigmund


Innate Abilities, Weirdness & Mutations

You are too large for most types of armour.
You have claws for hands.
Your natural rate of healing is unusually fast.
You are covered in fur. (AC +1)
You have tough skin. (AC +1)


Message History

The magic dart hits you.
You feel less confused. Sigmund gestures at you while chanting.
You are confused.
You bump into the rock wall.
You bump into the rock wall.
Sigmund hits you but does no damage.
You feel less confused. Sigmund gestures at you while chanting.
The puff of flame hits you!
Sigmund gestures wildly while chanting.
Sigmund flickers and vanishes!
Deactivating autopickup; reactivate with Ctrl-A.
A magic dart appears from out of thin air!
The magic dart hits you. Grinder hits you but does no damage.
You hit Grinder but do no damage. Grinder hits you but does no damage.
You closely miss Grinder. Grinder hits you but does no damage.
Grinder hits you.
You writhe in agony.
You hit Grinder.
Grinder is lightly wounded.
Grinder hits you but does no damage. Something hits you!
You barely miss Grinder.
Grinder is lightly wounded.
Grinder hits you. Something hits you.
You hit Grinder.
Grinder is lightly wounded.
Grinder barely misses you.
You sock Grinder!
Grinder is moderately wounded.
Grinder hits you but does no damage. Something hits you.
Grinder closely misses you.
You closely miss Grinder.
Grinder is moderately wounded.
Something hits you!
* * * LOW HITPOINT WARNING * * *
Grinder misses you.
You closely miss Grinder.
Grinder is moderately wounded.
Grinder hits you but does no damage. Something hits you!
You die...

#.#.##.# .S.#
#@#....# ...#
#.###..# ...
#.###..# ..
#......# # .#
#####.##
#.####.# #{#
..#....# #.#
......########
#@#
###.#>...@.@[#
#5# #.########.#
#.#
#^...@..##.###.#
#..####.##.@...#
###.##
#.######## ...#
#.# ###.### #@#
### # ##... #.#
#.. ..


You could see Grinder.

Vanquished Creatures
  2 orc wizards (D:3)
  2 adders (D:2)
  2 dart slugs
  2 orcs
  A ball python (D:1)
  5 bats
  3 endoplasms
  2 goblins
  3 hobgoblins
  A quokka (D:1)
  2 kobolds
  3 rats
28 creatures vanquished.

Notes
Turn   | Place    | Note
-------+----------+-------------------------------------------
     0 | D:1      | issech the Troll Monk began the quest for the Orb.
     0 | D:1      | Reached XP level 1. HP: 22/22 MP: 0/0
   287 | D:1      | Reached XP level 2. HP: 28/29 MP: 1/1
   327 | D:1      | Found a faded altar of an unknown god.
  1311 | D:2      | Reached XP level 3. HP: 36/36 MP: 2/2
  1392 | D:2      | Found a sparkling altar of Nemelex Xobeh.
  1955 | D:3      | Reached XP level 4. HP: 25/44 MP: 3/3
  1968 | D:3      | Found an ancient bone altar of Kikubaaqudgha.
  1970 | D:3      | Noticed Sigmund
  2086 | D:3      | Noticed Grinder
  2233 | D:3      | Slain by Sigmund

Illustrated notes

Levels and vault maps discovered:
D:1:      lemuel_arrival_broad_hall, layout_loops_ring,
          shapermc_ecumenical_altar_mp_vishouse, serial_co_window_serial,
          co_window_corner_a, co_window_paths_a, co_window_of_opportunity_a,
          co_window_corner_a, co_window_corner_a, co_window_broadway_a,
          co_window_corner_cb, co_window_broadway_a, glass_columns_b
D:2:      layout_basic, basic_altar
D:3:      layout_loops_cross, nicolae_overflow_crystal_walls, uniq_grinder,
          uniq_jessica, uniq_terence, uniq_sigmund

Skill      XL: |  1  2  3 |
---------------+----------+-----
Maces & Flails | 3 |  3.4
Dodging        | 3 |  3.2
Fighting       | |  2.9
Stealth        | |  1.3

Action                   |  1- 3 |  4- 6 || total
-------------------------+-------+-------++-------
Melee: Mace              |    93 |    27 ||   120
Throw: Stone             |       |    10 ||    10
  Use: Scroll            |     2 |       ||     2
 Stab: Sleeping          |     3 |       ||     3
Armor: Robe              |    30 |    13 ||    43
Dodge: Dodged            |    40 |    23 ||    63
